 Dungeon Crawl Stone Soup version 0.29-a0-284-gf9362112df (webtiles) character file.

Game seed: 11660558521931915943

1302 lunkers the Digger (level 8, -3/46 HPs)
             Began as an Octopode Earth Elementalist on Mar 21, 2022.
             Was an Initiate of Gozag.
             Slain by a killer bee (8 damage)
             ... on level 6 of the Dungeon.
             The game lasted 00:11:28 (6874 turns).

lunkers the Digger (Octopode Earth Elementalist)    Turns: 6874, Time: 00:11:28

Health: -3/46      AC:  1    Str:  7    XL:     8   Next: 57%
Magic:  4/15       EV: 13    Int: 20    God:    Gozag
Gold:   739        SH:  0    Dex: 12    Spells: 10/16 levels left

rFire   + . .      SeeInvis .   p - +2 dagger (venom)
rCold   . . .      Faith    .   (no shield)
rNeg    . . .      Spirit   .   (helmet restricted)
rPois   .          Reflect  .   (no amulet)
rElec   .          Harm     .   f - ring of protection from fire
rCorr   .          Rampage  .   (no ring)
Will    .....                   (no ring)
Stlth   ++++......              (no ring)
HPRegen 0.15/turn               (no ring)
MPRegen 0.14/turn               (no ring)
                                (no ring)
                                (no ring)

@: lethally poisoned (-3 -> -15), gold aura
A: almost no armour, amphibious, 8 rings, camouflage 1, gelatinous body 1,
nimble swimmer 1, tentacles
a: Renounce Religion, Potion Petition, Call Merchant, Bribe Branch


You were on level 6 of the Dungeon.
You worshipped Gozag.
Gozag was pleased with you.
You visited 1 branch of the dungeon, and saw 6 of its levels.

You collected 800 gold pieces.
You paid 61 gold pieces to Gozag.

Inventory:

Hand Weapons
 l - a +2 hand axe of venom
 p - a +2 dagger of venom (weapon)
Missiles
 a - 40 stones
Magical Staves
 g - a staff of air
Jewellery
 f - a ring of protection from fire (left tentacle)
Wands
 q - a wand of mindburst (17)
Scrolls
 c - 4 scrolls of teleportation {unknown}
 j - 2 scrolls of enchant weapon {unknown}
 k - 5 scrolls of identify {unknown}
 n - 3 scrolls of blinking {unknown}
 r - a scroll of magic mapping {unknown}
 s - a scroll of noise {unknown}
 u - a scroll of vulnerability {unknown}
 w - a scroll of fog {unknown}
 x - a scroll of silence {unknown}
Potions
 b - a potion of magic
 d - a potion of haste {unknown}
 e - 4 potions of flight {unknown}
 h - 5 potions of heal wounds {unknown}
 i - 2 potions of mutation {unknown}
 m - a potion of degeneration {unknown}
 o - a potion of curing {unknown}
 t - a potion of might {unknown}
 v - 2 potions of attraction {unknown}


   Skills:
 - Level 2.0 Dodging
 - Level 2.6 Stealth
 + Level 4.6 Spellcasting
 * Level 5.6 Conjurations
 - Level 1.0 Transmutations
 * Level 7.4 Earth Magic


You had 10 spell levels left.
You knew the following spells:

 Your Spells              Type           Power      Damage    Failure   Level
a - Stone Arrow           Conj/Erth      60%        3d10      2%          3
b - Passwall              Tmut/Erth      17%        N/A       3%          2
c - Sandblast             Erth           68%        2d15      1%          1

Your spell library contained the following spells:

 Spells                   Type           Power      Damage    Failure   Level
 Static Discharge         Conj/Air       16%        N/A       5%          2
 Beastly Appendage        Tmut           16%        N/A       8%          1
 Sting                    Tmut/Pois      24%        1d4       10%         1
 Summon Small Mammal      Summ           16%        N/A       12%         1
 Poisonous Vapours        Pois/Air       8%         N/A       19%         2
 Petrify                  Tmut/Erth      21%        N/A       22%         4
 Call Canine Familiar     Summ           4%         N/A       34%         3
 Summon Guardian Golem    Hex/Summ       4%         N/A       34%         3
 Irradiate                Conj/Tmut      9%         3d16      63%         5
 Lightning Bolt           Conj/Air       8%         1d20      71%         5
 Olgreb's Toxic Radiance  Pois           4%         N/A       75%         4
 Passage of Golubria      Tloc           4%         N/A       75%         4
 Yara's Violent Unravell  Hex/Tmut       3%         3d4       95%         5
 Silence                  Hex/Air        2%         N/A       97%         5
 Eringya's Noxious Bog    Tmut/Pois      3%         N/A       100%        6
 Malign Gateway           Summ/Tloc      2%         N/A       100%        7
 Lehudib's Crystal Spear  Conj/Erth      15%        10d5      100%        8
 Maxwell's Capacitive Co  Air            2%         ∞         100%        8
 Summon Horrible Things   Summ           2%         N/A       100%        8


Dungeon Overview and Level Annotations

Branches:
Dungeon (6/15)             Temple (0/1) D:6

Altars:
Dithmenos
Gozag
Hepliaklqana
Makhleb
Nemelex Xobeh
Ru
Vehumet


Innate Abilities, Weirdness & Mutations

You cannot wear most types of armour.
You are amphibious.
You can wear up to eight rings at the same time.
Your skin changes colour to match your surroundings (Stealth+).
Your rubbery body absorbs attacks. (AC +1, EV +1)
You are camouflaged when in or above water. (Stealth+)
You have tentacles for arms and can constrict up to eight enemies at once.


Message History

Aim: a killer bee (water, moderately wounded, 63% to hit)
The blast of sand hits the killer bee!
You kill the killer bee!
The killer bee barely misses you. The killer bee stings you!
You are poisoned.
The killer bee poisons you! The killer bee stings you!
You are more poisoned.
The killer bee poisons you!
The killer bee is distracted by your dazzling golden aura.
The killer bee barely misses you.
Unknown command.
Okay, then.
Casting: Sandblast (safe; 1% risk of failure)
Confirm with . or Enter, or press ? or * to list all spells.
Aiming: Sandblast (safe; 1% risk of failure)
Press: ? - help, Shift-Dir - straight line, f - killer bee
Aim: a killer bee (water, 63% to hit)
The blast of sand misses the killer bee.
The killer bee buzzes angrily.
You feel very sick. The killer bee stings you!
* * * LOW HITPOINT WARNING * * *
The killer bee closely misses you. The killer bee stings you.
* * * LOW HITPOINT WARNING * * *
You are more poisoned.
The killer bee poisons you!
Casting: Sandblast (safe; 1% risk of failure)
Confirm with . or Enter, or press ? or * to list all spells.
Aiming: Sandblast (safe; 1% risk of failure)
Press: ? - help, Shift-Dir - straight line, f/p - killer bee
Aim: a killer bee (water, 63% to hit)
The blast of sand hits the killer bee!
The killer bee is almost dead.
* * * LOW HITPOINT WARNING * * *
You feel very sick. The killer bee barely misses you.
The killer bee stings you!
* * * LOW HITPOINT WARNING * * *
The killer bee stings you!
You die...
Your body crumbles into a pile of gold.

.........#......≈≈≈≈≈............
.........#....≈≈≈≈≈≈≈≈≈..........
.........#..≈≈≈≈≈≈≈≈≈≈≈≈≈..####..
....##...#.≈≈≈≈≈≈...≈≈≈≈≈≈.#.....
....##...#.≈≈≈≈≈≈.>.≈≈≈≈≈≈.#.....
....##...#.≈≈≈≈≈≈...≈≈≈≈≈≈.......
....++.....≈≈≈≈≈≈≈≈≈≈≈≈≈≈≈......#
....##......≈≈≈≈≈$≈≈≈≈≈≈≈.......#
#...##........≈≈@y≈≈≈≈≈.......###
....++..........yy≈≈≈.......>.#
....##........................#
....##......##.......y..#.....#
....##....###.................#
....##....# #..............#'####
....##....# #..............#'#...
..........# .....................
......###########...####.........


You could see 4 killer bees.

Vanquished Creatures
  An ice beast (D:5)
  A black bear (D:5)
  2 ogres
  A phantom (D:6)
  2 centaurs (D:6)
  A bullfrog (D:6)
  2 scorpions
  2 killer bees (D:6)
  2 hounds (D:5)
  5 iguanas
  2 orc wizards (D:5)
  10 adders
  An ufetubus (D:5)
  3 worms
  A dart slug (D:1)
  17 orcs
  2 endoplasms
  A giant cockroach (D:1)
  6 hobgoblins
  3 jackals (D:3)
  A quokka (D:3)
  7 ball pythons
  3 bats
  8 frilled lizards
  2 goblins
  9 kobolds
  6 rats
  A spectral kobold (D:6)
102 creatures vanquished.

Notes
Turn   | Place    | Note
-------+----------+-------------------------------------------
     0 | D:1      | lunkers the Octopode Earth Elementalist began the quest for
                  | the Orb.
     0 | D:1      | Reached XP level 1. HP: 11/11 MP: 3/3
   226 | D:1      | Got Xijeexe's Reference Book on Transmigration
   469 | D:1      | Reached XP level 2. HP: 17/17 MP: 3/5
   943 | D:2      | Reached XP level 3. HP: 21/21 MP: 3/6
  1369 | D:2      | Reached skill level 4 in Earth Magic
  1628 | D:2      | Reached XP level 4. HP: 27/27 MP: 6/8
  1635 | D:2      | Identified the +0 cloak "Gumouxut" {Regen+ Int+4}
  1656 | D:2      | Learned a level 2 spell: Passwall
  1660 | D:2      | Learned a level 3 spell: Stone Arrow
  2204 | D:3      | Found an opulent altar of Gozag.
  2228 | D:3      | Became a worshipper of Gozag Ym Sagoz the Greedy
  2299 | D:3      | Noticed an ogre
  2308 | D:3      | Killed an ogre
  2309 | D:3      | Reached skill level 1 in Conjurations
  2309 | D:3      | Reached skill level 5 in Earth Magic
  2309 | D:3      | Reached XP level 5. HP: 31/31 MP: 3/9
  2384 | D:3      | Found a faded altar of an unknown god.
  2488 | D:3      | Reached XP level 6. HP: 19/36 MP: 6/11
  2807 | D:3      | Found a radiant altar of Vehumet.
  3240 | D:3      | Found a burning altar of Makhleb.
  4383 | D:4      | Found a shadowy altar of Dithmenos.
  4451 | D:4      | Found a sacrificial altar of Ru.
  4732 | D:5      | Entered Level 5 of the Dungeon
  4732 | D:5      | Found a sparkling altar of Nemelex Xobeh.
  4880 | D:5      | Reached XP level 7. HP: 6/41 MP: 0/12
  5389 | D:5      | Reached skill level 6 in Earth Magic
  6164 | D:6      | Found a staircase to the Ecumenical Temple.
  6169 | D:6      | Reached XP level 8. HP: 46/46 MP: 10/14
  6329 | D:6      | Reached skill level 5 in Conjurations
  6329 | D:6      | Reached skill level 7 in Earth Magic
  6672 | D:6      | Found a hazy altar of Hepliaklqana.
  6874 | D:6      | Slain by a killer bee

Illustrated notes

Levels and vault maps discovered:
D:1:      eino_arrival_cavern_b, layout_loops_ring, minivault_23
D:2:      minmay_chambers_of_twos, layout_loops_ring,
          corexii_item_surrounded_by_moat
D:3:      layout_basic, lightli_temple_of_fire, overflow_temple_1_default,
          nicolae_vehumet_radiance, nicolae_ecumenical_snake_handling,
          small_statue_intersection, chequers_serial_rivers_micro_e
D:4:      layout_cave_pods, nicolae_dithmenos_the_darkroom,
          nicolae_ru_awakened_eye, dreamdust_princess_corridor
D:5:      layout_rooms, mainiacjoe_overflow_boulevard, minmay_misc_feat_iff
D:6:      layout_basic, nicolae_hepliaklqana_monster_ancestors, temple_pool_b,
          uniq_prince_ribbit1, uniq_crazy_yiuf_cottage

Skill      XL: |  1  2  3  4  5  6  7  8 |
---------------+-------------------------+-----
Earth Magic    | 4 5 6 7 |  7.4
Spellcasting   | 3 4 |  4.6
Conjurations   | 1 2 3 4 5 |  5.6
Dodging        | |  2.0
Stealth        | |  2.6
Transmutations | |  1.0

Action                   |  1- 3 |  4- 6 |  7- 9 || total
-------------------------+-------+-------+-------++-------
Melee: Hand axe          |     2 |     5 |       ||     7
       Tentacles         |     1 |     7 |     1 ||     9
       Constrict         |       |     5 |     1 ||     6
       Dagger            |       |    20 |     3 ||    23
 Cast: Sandblast         |    46 |    33 |     4 ||    83
       Stone Arrow       |       |    23 |    39 ||    62
 Stab: Sleeping          |       |     2 |       ||     2
Armor: Skin              |       |     1 |       ||     1
Dodge: Dodged            |     9 |    15 |     4 ||    28

Table legend: (Time is in decaauts)
 A = Elapsed time spent in this place.
 B = Non-inter-level travel time spent in this place.
 C = Inter-level travel time spent in this place.
 D = Time resting spent in this place.
 E = Time spent auto-exploring this place.
 F = Levels seen in this place.
 G = Mean time per level.
                   A        B        C        D        E       F      G
               +--------+--------+--------+--------+--------+-----+--------+
         Total |   6874 |   6745 |    129 |     96 |   5998 |   6 | 1145.7 |
       Dungeon |   6874 |   6745 |    129 |     96 |   5998 |   6 | 1145.7 |
               +--------+--------+--------+--------+--------+-----+--------+

Top non-repeatable levels by time:
     D:3: 1579 daAuts
     D:5: 1197 daAuts
     D:4: 1146 daAuts
     D:2: 1136 daAuts
     D:1: 938 daAuts
     D:6: 875 daAuts
